 Dungeon Crawl Stone Soup version 0.22-a0-587-g7d32d7c7ae (webtiles) character file.

111 Aelund the Covered (level 4, -2/41 HPs)
             Began as a Minotaur Fighter on July 4, 2018.
             Slain by an iguana (8 damage)
             ... on level 4 of the Dungeon.
             The game lasted 00:06:10 (2162 turns).

Aelund the Covered (Minotaur Fighter)               Turns: 2162, Time: 00:06:10

Health: -2/41      AC: 12    Str: 26    XL:     4   Next: 62%
Magic:  3/3        EV:  3    Int:  5    God:
Gold:   136        SH: 15    Dex: 10    Spells: 3/3 levels left

rFire    . . .     SeeInvis .   a - +0 war axe
rCold    . . .     Gourm    .   r - +0 large shield
rNeg     . . .     Faith    .   h - +1 plate armour
rPois    .         Spirit   .   (helmet restricted)
rElec    .         Reflect  .   (no cloak)
rCorr    .         Harm     .   (no gloves)
MR       .....                  (no boots)
Stlth    ..........             (no amulet)
HPRegen  0.13/turn              (no ring)
MPRegen  0.08/turn              (no ring)

@: mighty
A: retaliatory headbutt, horns 2
a: no special abilities


You were on level 4 of the Dungeon.
You were not hungry.

You visited 1 branch of the dungeon, and saw 4 of its levels.

You collected 136 gold pieces.

Inventory:

Hand Weapons
 a - a +0 war axe (weapon)
Armour
 h - a +1 plate armour (worn)
 r - a +0 large shield (worn)
Wands
 c - a wand of polymorph (17)
 v - a wand of acid (9)
Scrolls
 k - 5 scrolls of remove curse
 o - 3 scrolls of teleportation
Potions
 b - 2 potions of brilliance
 e - a potion of berserk rage
 g - a potion of lignification {unknown}
 l - 2 potions of agility
 m - a potion of heal wounds {unknown}
 n - 3 potions of curing
 q - a potion of magic {unknown}
 s - a potion of mutation {unknown}
 u - a potion of cancellation {unknown}
Comestibles
 f - 5 rations
 t - 3 chunks of flesh


   Skills:
 + Level 4.3 Fighting
 * Level 4.2 Axes
 + Level 4.3 Armour
 + Level 4.3 Shields


You had 3 spell levels left.
You didn't know any spells.
Your spell library was empty.

Dungeon Overview and Level Annotations

Branches:
Dungeon (4/15)
 Temple: D:4-7

Altars:
Ashenzari
Uskayaw
Xom
The Shining One


Innate Abilities, Weirdness & Mutations

You reflexively headbutt those who attack you in melee.
You have a pair of horns on your head.


Message History

You slash the bullfrog skeleton!
You destroy the bullfrog skeleton!
Your Axes skill increases to level 4!
You block the iguana's attack.
You closely miss the iguana.
The iguana is lightly wounded.
The iguana bites you but does no damage.
The iguana bites you.
You closely miss the iguana.
The iguana is lightly wounded.
The iguana bites you.
* * * LOW HITPOINT WARNING * * *
Your plate armour prevents you from hitting the iguana.
The iguana is lightly wounded.
The iguana bites you.
* * * LOW HITPOINT WARNING * * *
You closely miss the iguana. Your headbutt misses the iguana.
The iguana is lightly wounded.
The iguana bites you!
You die...

#....#####
........#
.......#
......#
#)....#
###.....#
#.....l.####
#....@.....#
#...##.....#
#...# .....#
#...# .....#
#...# .?####
##### ..#
..# ..#


You could see an iguana.

Vanquished Creatures
  A bullfrog skeleton (D:4)
  2 adders (D:3)
  An ooze (D:2)
  A worm (D:2)
  A dart slug (D:3)
  A leopard gecko (D:3)
  A ball python (D:1)
  2 giant cockroaches
  7 goblins
  10 hobgoblins
  6 kobolds
  10 bats
  3 frilled lizards
  5 rats
51 creatures vanquished.

Notes
Turn   | Place    | Note
-------+----------+-------------------------------------------
     0 | D:1      | Aelund the Minotaur Fighter began the quest for the Orb.
     0 | D:1      | Reached XP level 1. HP: 19/19 MP: 0/0
   270 | D:1      | Reached XP level 2. HP: 27/27 MP: 1/1
   760 | D:2      | Reached XP level 3. HP: 31/33 MP: 2/2
  1372 | D:3      | Found a shattered altar of Ashenzari.
  1743 | D:3      | Reached XP level 4. HP: 38/40 MP: 3/3
  1753 | D:3      | Found a hide-covered altar of Uskayaw.
  1817 | D:3      | Found a shimmering altar of Xom.
  1935 | D:3      | Found a glowing golden altar of the Shining One.
  2162 | D:4      | Slain by an iguana

Vault maps used:
D:1:      zelgadis_glass_arrival_small, serial_bayou_pond_e, minmay_distorted
D:3:      ashenzari_conservatory_becter, lemuel_crystal_altar, tso_altar,
          eat_drink_and_be_merry_uskayaw, first_ration
D:4:      minmay_temple_entry_nine_rooms, sigmund_edmund_badplayer

Skill      XL: |  1  2  3  4 |
---------------+-------------+-----
Axes           | 3 4 |  4.2
Shields        | 4 |  4.3
Armour         | 4 |  4.3
Fighting       | 4 |  4.3

Action                   |  1- 3 |  4- 6 || total
-------------------------+-------+-------++-------
Melee: War axe           |   162 |    23 ||   185
       Headbutt          |    24 |       ||    24
  Use: Scroll            |       |     8 ||     8
       Potion            |       |     2 ||     2
  Eat: Chunk             |     3 |     1 ||     4
Armor: Scale mail        |    14 |       ||    14
       Plate armour      |   100 |    13 ||   113
Dodge: Dodged            |    15 |     2 ||    17
Block: Shield            |    73 |       ||    73
       Large shield      |    61 |    18 ||    79

Table legend:
 A = Spawn XP
 B = Non-spawn XP
 C = Spawn XP percentage of total XP
 D = Spawn monster count
 E = Non-spawn monster count
 F = Spawn count percentage of total count
 G = Total turns spent on level
                    A         B        C        D         E        F      G
               +---------+---------+-------+---------+---------+-------+---------
         Total |       0 |     159 |   0.0 |       0 |      51 |   0.0 |  2162
               +---------+---------+-------+---------+---------+-------+---------
           D:1 |       0 |      29 |   0.0 |       0 |      16 |   0.0 |   644
           D:2 |       0 |      37 |   0.0 |       0 |      18 |   0.0 |   651
           D:3 |       0 |      53 |   0.0 |       0 |      16 |   0.0 |   841
           D:4 |       0 |      40 |   0.0 |       0 |       1 |   0.0 |    26
               +---------+---------+-------+---------+---------+-------+---------
